AoeStats
← squintremil

Arabia

510220871Analyzed
2v2 RM · 3d ago on Sep 30, 2026· 36m 47s· 4 players
Game mode
Random Map
Map size
Medium (4 player)
Population
200
Speed
Normal
Resources
Standard
Victory
Conquest
Starting age
Dark Age
Ending age
Imperial Age
RankedLock teamsTeams togetherTeam positionsShared explorationLock speedFull tech treeHidden civsTurbo modeCheats
Victory
Defeat
🇺🇸 Vikings · United States
970
+16
🇺🇸 Danes · United States
938
+17
🇨🇱 Ethiopians · Chile
993
-18
🇺🇸 Bulgarians · United States
934
-15
BB
7:34 Loom
10:33 Feudal Age
11:32 Double-Bit Axe
12:24 Man-at-Arms
15:06 Forging
22:02 Castle Age
21:13 Scale Mail Armor
21:37 Gold Mining
21:39 Stone Mining
22:16 Horse Collar
22:05 Long Swordsman
22:51 Squires
25:15 Iron Casting
24:57 Chain Mail Armor
25:20 Arson
27:35 Bow Saw
30:48 Fletching
33:17 Elite Skirmisher
33:56 Bodkin Arrow
StrawTrash
6:38 Loom
9:58 Feudal Age
10:32 Double-Bit Axe
10:44 Horse Collar
10:54 Man-at-Arms
12:38 Arson
15:13 Wheelbarrow
15:30 Scale Mail Armor
19:27 Forging
24:11 Castle Age
22:28 Gold Mining
24:13 Long Swordsman
25:07 Bow Saw
25:00 Heavy Plow
25:21 Hand Cart
24:55 Gambesons
26:08 Squires
27:08 Stone Mining
31:30 Iron Casting
31:13 Town Watch
squintremil
3:30 Loom
11:13 Feudal Age
12:54 Double-Bit Axe
13:27 Arson
13:43 Horse Collar
20:34 Wheelbarrow
22:19 Bloodlines
25:17 Castle Age
28:49 Wheelbarrow
27:59 Town Watch
29:31 Husbandry
35:59 Murder Holes
navia.sebastian
1:22 Loom
10:08 Feudal Age
10:55 Double-Bit Axe
23:29 Castle Age
21:36 Padded Archer Armor
21:58 Gold Mining
22:29 Horse Collar
23:59 Crossbowman
25:07 Bow Saw
27:39 Fletching
30:19 Heavy Plow
33:02 Thumb Ring
34:21 Wheelbarrow
Connection lost

Rejoining the realm…

Still unreachable

The connection could not be restored.

Session expired

The server has moved on; the page needs a fresh start.